 Dungeon Crawl Stone Soup version 0.17-a0-2208-ge5ab1d3 (webtiles) character file.

650 mrath the Ducker (level 7, 0/54 HPs)
             Began as a Merfolk Ice Elementalist on Oct 27, 2015.
             Was an Initiate of Vehumet.
             Slain by a killer bee zombie (6 damage)
             ... on level 5 of the Dungeon.
             The game lasted 00:50:21 (6958 turns).

mrath the Ducker (Merfolk Ice Elementalist)         Turns: 6958, Time: 00:50:22

Health: 0/54       AC:  3    Str:  8    XL:     7   Next: 53%
Magic:  22/22      EV: 15    Int: 15    God:    Vehumet [......]
Gold:   133        SH:  0    Dex: 16    Spells: 3 memorised, 8 levels left

rFire  . . .     SeeInvis .     B - +2 quarterstaff (chaos)
rCold  . . .     Clarity  .     a - +0 robe
rNeg   . . .     SustAt   .     (no shield)
rPois  .         Gourm    .     (no helmet)
rElec  .         Spirit   .     C - +0 cloak
rCorr  .         Warding  .     (no gloves)
rMut   .         Stasis   .     (no boots)
MR     .....                    (no amulet)
Stlth  ++........               (no ring)
                                o - ring of magical power

@: drained, not resistant to hostile enchantments, unstealthy
A: change form in water, swift swim
a: Renounce Religion


You were on level 5 of the Dungeon.
You worshipped Vehumet.
Vehumet was noncommittal.
You were not hungry.

You visited 1 branch of the dungeon, and saw 5 of its levels.

You collected 133 gold pieces.

Inventory:

Hand Weapons
 e - a +1 short sword
 m - a +0 mace
 v - a +2 dagger of speed
 x - a +0 spear
 y - a +0 mace of holy wrath
 B - a +2 quarterstaff of chaos (weapon)
Missiles
 d - 22 sling bullets (quivered)
 k - 140 stones
Armour
 a - a +0 robe (worn)
 C - a +0 cloak (worn)
Jewellery
 o - a ring of magical power (left hand)
 A - an uncursed ring of teleportation
Wands
 w - a wand of slowing (26)
Scrolls
 g - 2 scrolls of remove curse
 l - 2 scrolls of enchant weapon
 r - 2 scrolls of magic mapping
 t - a scroll of teleportation {unknown}
 u - 2 scrolls of identify
 z - a scroll of noise {unknown}
Potions
 h - 2 potions of flight {unknown}
 i - 2 potions of curing
 j - a potion of resistance {unknown}
 n - a potion of lignification {unknown}
 q - a potion of brilliance {unknown}
 s - 2 potions of poison {unknown}
Books
 b - a book of Frost

   Spells                             Type                      Level
   a - Freeze                         Ice                          1
   b - Throw Frost                    Conjuration/Ice              2
   c - Ozocubu's Armour               Charms/Ice                   3
   d - Throw Icicle                   Conjuration/Ice              4
   e - Summon Ice Beast               Ice/Summoning                4
   f - Condensation Shield            Ice                          4
Comestibles
 c - a bread ration
 f - a meat ration


   Skills:
 + Level 4.2(4.0) Fighting
 + Level 0.0 Staves
 + Level 5.8(5.6) Dodging
 - Level 2.1(2.0) Stealth
 + Level 4.0(3.8) Spellcasting
 - Level 0.7(0.5) Conjurations
 + Level 0.0 Charms
 + Level 5.3(5.1) Ice Magic
 + Level 0.0 Evocations


You had 8 spell levels left.
You knew the following spells:

 Your Spells              Type           Power        Failure   Level  Hunger
a - Freeze                Ice            ###.         1%          1    None
b - Throw Frost           Conj/Ice       ##....       12%         2    ##.....
c - Ozocubu's Armour      Chrm/Ice       ##......     21%         3    ###....


Dungeon Overview and Level Annotations

Branches:
Dungeon (5/15)
 Temple: D:4-7

Altars:
Vehumet


Message History

The killer bee zombie closely misses you.
You closely miss the killer bee zombie.
The killer bee zombie barely misses you. x2
The killer bee zombie hits you.
The killer bee zombie barely misses you.
You sock the killer bee zombie! The killer bee zombie hits you.
The killer bee zombie misses you.
The killer bee zombie closely misses you.
You sock the killer bee zombie! The killer bee zombie hits you.
The killer bee zombie hits you.
* * * LOW HITPOINT WARNING * * *
The killer bee zombie closely misses you. x2
The killer bee zombie hits you.
* * * LOW HITPOINT WARNING * * *
The killer bee zombie hits you.
* * * LOW HITPOINT WARNING * * *
All of the chunks of flesh in your inventory have rotted away.
The killer bee zombie completely misses you.
The killer bee zombie hits you.
You die...

#........# #..# #.# #..#
#.# ### #..#####.# ..
###......#.#
#.##.#......#.# #
#.#....####.#.###.###
#......####.Z..<....#
####.......##...@......#
............#...........
####...................#
##..........).......#
##..<#######.#######
##.## ### ###


You could see a killer bee zombie.

Vanquished Creatures
  2 ogres (D:4)
  A scorpion (D:4)
  An orc wizard (D:4)
  Crazy Yiuf (D:4)
  A hound (D:4)
  An iguana (D:4)
  3 orc priests (D:4)
  2 worker ants (D:4)
  4 gnolls (D:4)
  6 adders
  An ooze (D:1)
  An adder skeleton (D:4)
  4 worms
  A giant gecko (D:4)
  An orc (D:4)
  2 ball pythons
  8 bats
  7 giant cockroaches
  7 goblins
  6 hobgoblins
  6 jackals
  8 kobolds
  2 quokkas
  5 giant newts
  5 rats
86 creatures vanquished.

Notes
Turn   | Place    | Note
--------------------------------------------------------------
     0 | D:1      | mrath the Merfolk Ice Elementalist began the quest for the Orb.
     0 | D:1      | Reached XP level 1. HP: 13/13 MP: 3/3
   282 | D:1      | Reached XP level 2. HP: 20/20 MP: 1/5
   842 | D:1      | Reached skill level 1 in Fighting
   865 | D:1      | Learned a level 2 spell: Throw Frost
   936 | D:1      | Reached XP level 3. HP: 26/26 MP: 3/6
  1484 | D:2      | Reached XP level 4. HP: 31/33 MP: 3/7
  3155 | D:3      | Reached skill level 4 in Dodging
  3279 | D:3      | Learned a level 3 spell: Ozocubu's Armour
  3855 | D:4      | Reached XP level 5. HP: 17/39 MP: 1/9
  4258 | D:4      | Noticed an ogre
  4281 | D:4      | Killed an ogre
  4281 | D:4      | Reached XP level 6. HP: 44/47 MP: 4/11
  4408 | D:4      | Reached skill level 5 in Dodging
  4594 | D:3      | Found a radiant altar of Vehumet.
  4608 | D:3      | Became a worshipper of Vehumet
  5304 | D:4      | Noticed an ogre
  5320 | D:4      | Killed an ogre
  5320 | D:4      | Reached skill level 5 in Ice Magic
  5320 | D:4      | Reached XP level 7. HP: 52/52 MP: 6/12
  6506 | D:4      | Noticed Crazy Yiuf
  6516 | D:4      | Killed Crazy Yiuf
  6712 | D:5      | Entered Level 5 of the Dungeon
  6958 | D:5      | Slain by a killer bee zombie

Vault maps used:
D:1:      minmay_arrival_solitary_statue
D:2:      bh_walls_and_bars
D:3:      lemuel_upstairs_altar, first_bread
D:4:      serial_curves, eino_curves_04, eino_curves_03, eino_curves_04,
          eino_curves_04, minmay_misc_feat_room, uniq_crazy_yiuf_cottage
D:5:      kennysheep_generic_room_9, uniq_grinder

Action                   |  1- 3 |  4- 6 |  7- 9 || total
-------------------------+-------+-------+-------++-------
Melee: Dagger            |     1 |       |       ||     1
       Short sword       |       |    27 |     5 ||    32
       Quarterstaff      |       |       |     8 ||     8
 Cast: Freeze            |    42 |    95 |    38 ||   175
       Throw Frost       |       |    24 |     5 ||    29
       Ozocubu's Armour  |       |     5 |     4 ||     9
  Use: Scroll            |     3 |     3 |     1 ||     7
       Potion            |       |     1 |       ||     1
 Stab: Sleeping          |       |     3 |       ||     3
  Eat: Chunk             |     2 |     5 |     1 ||     8
       Bread ration      |       |     2 |     1 ||     3
       Pizza             |       |     1 |       ||     1
